 Dungeon Crawl Stone Soup version 0.32-a0-360-gcd93b57 (webtiles) character file.

Game seed: 2619789604616713291

141 Remcycle the Slasher (level 5, -5/41 HPs)
             Began as a Formicid Fighter on Feb 18, 2024.
             Killed by divine providence
             ... invoked by an orc priest
              (15 damage)
             ... on level 3 of the Dungeon.
             The game lasted 00:03:47 (1903 turns).

Remcycle the Slasher (Formicid Fighter)             Turns: 1903, Time: 00:03:47

Health: -5/41      AC:  6    Str: 20    XL:     5   Next: 48%
Magic:  5/5        EV:  9    Int:  8    God:
Gold:   90         SH:  5    Dex: 15    Spells: 4/4 levels left

rFire   + . .        a - +0 long sword
rCold   . . .        c - +0 buckler
rNeg    . . .        b - +0 scale mail
rPois   .            (helmet unavailable)
rElec   .            (no cloak)
rCorr   .            (no gloves)
SInv    +            (no boots)
Will    .....        (no amulet) Stlth
                     m - ring of protection from fire
HPRegen 0.26/turn    (no ring)
MPRegen 0.09/turn

%: no passive effects
@: no status effects
A: permanent stasis, dig shafts and tunnels, antennae 3, four strong arms
a: Dig, Shaft Self, Convert to Beogh


You were on level 3 of the Dungeon.
You visited 1 branch of the dungeon, and saw 3 of its levels.

You collected 90 gold pieces.

Inventory:

Hand Weapons
 a - a +0 long sword (weapon)
Armour
 b - a +0 scale mail (worn)
 c - a +0 buckler (worn)
Jewellery
 f - a ring of fire
 m - a ring of protection from fire (left hand)
Scrolls
 e - 2 scrolls of fog {unknown}
 g - a scroll of poison {unknown}
 i - 2 scrolls of teleportation {unknown}
 j - a scroll of acquirement {unknown}
 k - 2 scrolls of identify {unknown}
 l - a scroll of noise {unknown}
 p - a scroll of vulnerability {unknown}
Potions
 d - a potion of curing {unknown}
 h - a potion of magic {unknown}
 n - a potion of haste {unknown}
 o - a potion of degeneration {unknown}


   Skills:
 - Level 3.2 Fighting
 + Level 5.3 Long Blades
 - Level 3.2 Armour
 - Level 4.0 Shields


You had 4 spell levels left.
You didn't know any spells.
Your spell library contained the following spells:

 Spells                   Type           Power      Damage    Failure   Level
 Sandblast                Erth           0%         2d4       83%         1
 Passwall                 Erth           0%         N/A       99%         3
 Stone Arrow              Conj/Erth      0%         3d7       99%         3
 Brom's Barrelling Bould  Conj/Erth      0%         2d3       100%        4


Dungeon Overview and Level Annotations

Branches:
Dungeon (3/15)

Altars:
Ashenzari


Innate Abilities, Weirdness & Mutations

You cannot be hasted, slowed, berserked, paralysed or teleported.
You can dig through walls and to a lower floor.
You have a pair of large antennae on your head. (SInv)
Your four strong arms can wield two-handed weapons with a shield.


Message History

A quokka is nearby!
You miss the quokka.
The quokka bites you but does no damage.
You slash the quokka!
You kill the quokka!
No target in view!
No target in view!
No target in view!
You see here a quokka corpse.
Found a rapier.
You see here a staff of alchemy.
Found 6 stones and 6 poisoned darts.
You sense a monster nearby.
You sense a monster nearby.
You sense a monster nearby.
k - 2 scrolls labelled HAFERI WEOMAU (gained 1) 2 orcs and 2 orc priests come into view.
An orc is wielding a +0 whip of freezing.
The orc shouts! x2; The orc priest shouts! x2
An orc priest comes into view. It is wielding a +0 club.
An orc priest comes into view. It is wielding a +0 falchion.
An orc comes into view. It is wielding a +0 mace.
The orc priest shouts!
The orc shouts!
The orc priest calls down the wrath of Beogh upon you.
You struggle to resist.
Found 26 gold pieces.
You block the orc's attack.
You barely miss the orc priest. The orc priest hits you with a +0 club.
The orc hits you with a +0 flail.
The orc priest mumbles some strange prayers to Beogh against you.
Beogh smites you!
The orc priest shouts, "The Pantheon deserves no one's loyalty.
Let us show you the true path!" (press Y on the ability menu to convert to Beogh)
The orc priest attacks as it pursues you!
You block the orc priest's attack.
The orc priest mumbles some strange prayers to Beogh against you.
Beogh smites you!
* * * LOW HITPOINT WARNING * * *
The orc priest mumbles some strange prayers to Beogh against you.
Beogh smites you!
You die...

#.# #(# #.# # #(# ####.#
# #.# ..... # #.#
#####.#.#.# # #.#
#.@........
####.##########.#o......#
................#.#o..#.#
##.......##.###.#oo.....#
##..#######.# #.#oo.....#
##..# #..# #.#.......#
##..## #.## #.#.#...#.#
_#...# #.# #.#.......#
.#...## #.# #.##.....##


You could see 4 orc priests and 2 orcs.

Vanquished Creatures
  2 orc wizards (D:3)
  2 adders
  2 dart slugs
  2 ribbon worms (D:2)
  2 orcs (D:3)
  4 ball pythons
  2 giant cockroaches
  3 goblins
  3 hobgoblins
  4 kobolds
  3 quokkas
  4 bats
  2 frilled lizards
  3 rats
38 creatures vanquished.

Notes
Turn   | Place    | Note
-------+----------+-------------------------------------------
     0 | D:1      | Remcycle the Formicid Fighter began the quest for the Orb.
     0 | D:1      | Reached XP level 1. HP: 18/18 MP: 1/1
   115 | D:1      | Reached XP level 2. HP: 16/24 MP: 2/2
   453 | D:1      | Reached skill level 3 in Long Blades
   753 | D:2      | Reached XP level 3. HP: 29/29 MP: 3/3
  1178 | D:2      | Reached skill level 4 in Long Blades
  1178 | D:2      | Reached XP level 4. HP: 30/35 MP: 4/4
  1618 | D:3      | Reached XP level 5. HP: 10/41 MP: 5/5
  1625 | D:3      | Reached skill level 5 in Long Blades
  1793 | D:3      | Found a broken altar of Ashenzari.
  1903 | D:3      | Killed from afar by an orc priest

Illustrated notes

Levels and vault maps discovered:
D:1:      psy_arrival_basics, layout_basic
D:2:      layout_loops_corners
D:3:      cheibrodos_pilgrimage, layout_loops_ring, xom_teletrap_fun,
          mainiacjoe_overflow_alcove_3, ebering_ecumenical_altar_sacrificial,
          hex_large

Skill      XL: |  1  2  3  4  5 |
---------------+----------------+-----
Long Blades    | 3 4 5 |  5.3
Fighting       | |  3.2
Armour         | |  3.2
Shields        | |  4.0

Action                     |  1- 3 |  4- 6 || total
---------------------------+-------+-------++-------
  Melee: Long sword        |    61 |    59 ||   120
    Use: Potion            |       |     3 ||     3
 Armour: Scale mail        |    48 |    78 ||   126
         Skin              |       |    49 ||    49
  Dodge: Dodged            |    20 |    49 ||    69
  Block: Buckler           |    13 |    40 ||    53

Table legend: (Time is in decaauts)
 A = Elapsed time spent in this place.
 B = Non-inter-level travel time spent in this place.
 C = Inter-level travel time spent in this place.
 D = Time resting spent in this place.
 E = Time spent auto-exploring this place.
 F = Levels seen in this place.
 G = Mean time per level.
                   A        B        C        D        E       F      G
               +--------+--------+--------+--------+--------+-----+--------+
         Total |   1931 |   1908 |     23 |    141 |   1463 |   3 |  643.7 |
       Dungeon |   1931 |   1908 |     23 |    141 |   1463 |   3 |  643.7 |
               +--------+--------+--------+--------+--------+-----+--------+

Top non-repeatable levels by time:
     D:2: 850 daAuts
     D:1: 758 daAuts
     D:3: 322 daAuts
